General information
- name: BNet
- type: Ladder team game (AT/RT)
- host: Battle.net
- saver: CHRONICTOKESUX
map: Deadlands
- players: 8
- length: 20:03
- speed: Fast
- version: 1.27 W3XP
- replay type: Public
» download(152 KB)
Players
team 1 (winner)

»
BIGfag (
yellow | 43 APM | 865 actions | 20:03)
2 Blademaster
1 Wind Walk
1 Critical Strike
» actions
| Basic commands | 2 | |
| Build / train | 52 | |
| Enter build submenu | 72 | |
| Enter hero's abilities submenu | 2 | |
| Remove unit from queue | 4 | |
| Right click | 400 | |
| Select / deselect | 254 | |
| Use ability | 79 | |
865 total
» units
» upgrades
| Spiked Barricades | 1 | |
| Melee Weapons | 0 | |
| Ranged Weapons | 2 | |
| Reinforced Defenses | 1 | |
| Liquid Fire | 1 | |
| Armor | 1 | |
6 total
» buildings
| Altar of Storms | 1 | |
| Orc Burrow | 7 | |
| War Mill | 2 | |
| Voodoo Lounge | 4 | |
| Watch Tower | 46 | |
| Stronghold | 2 | |
| Beastiary | 3 | |
| Fortress | 1 | |
66 total
» build order
00:21 Altar of Storms
00:23 Orc Burrow
01:06 War Mill
01:28 Voodoo Lounge
01:52 Orc Burrow
02:45 Watch Tower
02:56 Watch Tower
03:15 Watch Tower
03:51 Watch Tower
04:02 Watch Tower
04:20 Watch Tower
04:28 Watch Tower
04:31 Watch Tower
04:36 Watch Tower
04:58 Watch Tower
05:08 Watch Tower
05:19 Watch Tower
05:36 Watch Tower
05:48 Watch Tower
06:07 Watch Tower
06:22 Watch Tower
06:32 Watch Tower
07:14 Stronghold
07:14 Stronghold
07:27 Watch Tower
07:43 Watch Tower
07:56 Watch Tower
08:37 Watch Tower
08:41 Watch Tower
08:45 Watch Tower
08:51 Watch Tower
08:54 Watch Tower
09:04 Watch Tower
09:46 Watch Tower
10:01 Watch Tower
10:14 Watch Tower
10:27 Watch Tower
10:34 Voodoo Lounge
10:45 Watch Tower
10:58 Watch Tower
11:15 Watch Tower
11:34 Beastiary
11:49 Watch Tower
11:56 Orc Burrow
12:17 Beastiary
13:23 Watch Tower
13:25 Watch Tower
13:28 Watch Tower
13:34 Watch Tower
13:36 Watch Tower
14:09 Fortress
14:28 Watch Tower
14:43 Watch Tower
14:57 Watch Tower
15:04 Orc Burrow
15:16 Voodoo Lounge
15:35 Voodoo Lounge
15:44 Beastiary
16:03 Watch Tower
16:08 Orc Burrow
16:31 Watch Tower
17:23 War Mill
17:47 Orc Burrow
17:53 Orc Burrow
18:49 Watch Tower
19:59 Watch Tower
» items
| Potion of Healing | 1 | |
| Potion of Mana | 1 | |
| Scroll of Speed | 1 | |
3 total
I_PLAY_NAKED (
purple | 36 APM | 714 actions | 20:03)
4 Death Knight
1 Death Coil
2 Unholy Aura
1 Death Pact
» actions
| Assign group hotkey | 17 | |
| Build / train | 50 | |
| Enter build submenu | 21 | |
| Enter hero's abilities submenu | 4 | |
| Remove unit from queue | 1 | |
| Right click | 228 | |
| Select / deselect | 126 | |
| Select group hotkey | 234 | |
| Use ability | 33 | |
714 total
» units
| Acolyte | 9 | |
| Ghoul | 4 | |
| Crypt Fiend | 15 | |
| Frost Wyrm | 3 | |
31 total
» upgrades
| Creature Attack | 2 | |
| Creature Carapace | 2 | |
| Web | 1 | |
| Burrow | 1 | |
| Freezing Breath | 1 | |
7 total
» buildings
| Altar of Darkness | 1 | |
| Ziggurat | 10 | |
| Crypt | 1 | |
| Graveyard | 2 | |
| Halls of the Dead | 1 | |
| Spirit Tower | 1 | |
| Black Citadel | 1 | |
| Sacrificial Pit | 1 | |
| Tomb of Relics | 1 | |
| Boneyard | 3 | |
22 total
» build order
00:08 Altar of Darkness
00:10 Ziggurat
00:38 Crypt
00:59 Graveyard
01:05 Graveyard
01:35 Ziggurat
01:39 Ziggurat
04:40 Ziggurat
06:40 Ziggurat
08:03 Halls of the Dead
08:29 Ziggurat
08:31 Ziggurat
08:35 Ziggurat
10:32 Spirit Tower
10:35 Ziggurat
10:54 Ziggurat
11:13 Black Citadel
11:16 Sacrificial Pit
11:19 Tomb of Relics
13:56 Boneyard
13:59 Boneyard
14:03 Boneyard
» items
| Scroll of Town Portal | 1 | |
| Healing Salve | 1 | |
| Lesser Clarity Potion | 1 | |
3 total
NOWHAMMYNOWHAMM (
blue | 54 APM | 1080 actions | 20:03)
6 Blademaster
3 Wind Walk
2 Critical Strike
1 Bladestorm
» actions
| Assign group hotkey | 54 | |
| Basic commands | 14 | |
| Build / train | 48 | |
| Enter build submenu | 49 | |
| Enter hero's abilities submenu | 6 | |
| Give item / drop item | 2 | |
| Right click | 439 | |
| Select / deselect | 240 | |
| Select group hotkey | 130 | |
| Use ability | 98 | |
1080 total
» units
| Peon | 8 | |
| Grunt | 5 | |
| Goblin Shredder | 5 | |
| Troll Batrider | 3 | |
21 total
» upgrades
| Reinforced Defenses | 1 | |
| Ranged Weapons | 2 | |
| Armor | 2 | |
| Liquid Fire | 1 | |
| Troll Regeneration | 1 | |
7 total
» buildings
| Orc Burrow | 5 | |
| Altar of Storms | 1 | |
| Barracks | 1 | |
| Voodoo Lounge | 3 | |
| War Mill | 2 | |
| Stronghold | 1 | |
| Great Hall | 2 | |
| Watch Tower | 32 | |
| Fortress | 1 | |
| Beastiary | 4 | |
52 total
» build order
00:15 Orc Burrow
00:52 Altar of Storms
01:06 Barracks
01:10 Orc Burrow
01:45 Voodoo Lounge
02:51 War Mill
03:32 Stronghold
04:50 Orc Burrow
05:11 Great Hall
05:12 Watch Tower
05:13 Watch Tower
05:28 Voodoo Lounge
05:31 Watch Tower
07:26 Watch Tower
07:26 Watch Tower
07:41 Orc Burrow
09:23 Fortress
10:28 Watch Tower
10:28 Watch Tower
11:13 Watch Tower
11:17 Watch Tower
11:19 Watch Tower
12:55 Watch Tower
12:55 Watch Tower
12:56 Watch Tower
12:56 Watch Tower
12:56 Watch Tower
12:59 Watch Tower
13:09 Watch Tower
13:09 Watch Tower
13:10 Watch Tower
13:45 Watch Tower
14:23 Beastiary
14:26 Beastiary
14:28 Beastiary
15:23 Beastiary
15:29 War Mill
16:32 Orc Burrow
19:12 Great Hall
19:15 Watch Tower
19:15 Watch Tower
19:16 Watch Tower
19:16 Watch Tower
19:18 Watch Tower
19:18 Watch Tower
19:19 Watch Tower
19:19 Watch Tower
19:20 Watch Tower
19:20 Watch Tower
19:21 Watch Tower
19:21 Watch Tower
19:23 Voodoo Lounge
» items
| Healing Salve | 3 | |
| Lesser Clarity Potion | 2 | |
| Potion of Mana | 3 | |
| Potion of Healing | 1 | |
| Orb of Lightning | 1 | |
| Scroll of Town Portal | 1 | |
11 total

»
AlonzoGestapoJr (
pink | 68 APM | 1366 actions | 20:03)
6 Mountain King
3 Storm Bolt
2 Bash
1 Avatar
4 Paladin
2 Holy Light
2 Devotion Aura
» actions
| Assign group hotkey | 12 | |
| Basic commands | 82 | |
| Build / train | 104 | |
| Enter build submenu | 26 | |
| Enter hero's abilities submenu | 10 | |
| Remove unit from queue | 3 | |
| Right click | 488 | |
| Select / deselect | 286 | |
| Select group hotkey | 270 | |
| Use ability | 85 | |
1366 total
» units
| Peasant | 16 | |
| Footman | 14 | |
| Rifleman | 18 | |
| Gryphon Rider | 3 | |
51 total
» upgrades
| Gunpowder | 2 | |
| Armor | 2 | |
| Long Rifles | 1 | |
| Storm Hammers | 1 | |
6 total
» buildings
| Altar of Kings | 1 | |
| Farm | 11 | |
| Barracks | 2 | |
| Lumber Mill | 1 | |
| Arcane Vault | 1 | |
| Blacksmith | 1 | |
| Keep | 5 | |
| Town Hall | 1 | |
| Castle | 1 | |
| Gryphon Aviary | 2 | |
| Scout Tower | 6 | |
| Guard Tower | 6 | |
38 total
» build order
00:04 Altar of Kings
00:06 Farm
00:24 Barracks
00:55 Farm
01:11 Lumber Mill
01:45 Arcane Vault
02:05 Farm
02:57 Farm
03:08 Blacksmith
04:15 Keep
04:15 Keep
04:16 Keep
04:51 Town Hall
05:24 Farm
06:10 Farm
07:01 Farm
09:29 Castle
13:04 Gryphon Aviary
13:07 Gryphon Aviary
13:47 Scout Tower
14:09 Scout Tower
14:14 Guard Tower
14:17 Scout Tower
14:23 Scout Tower
14:32 Farm
14:37 Guard Tower
14:40 Scout Tower
14:49 Guard Tower
14:52 Guard Tower
15:10 Guard Tower
15:12 Scout Tower
15:21 Farm
16:04 Farm
16:06 Guard Tower
16:53 Farm
18:45 Barracks
» items
| Scroll of Regeneration | 5 | |
| Lesser Clarity Potion | 3 | |
| Scroll of Town Portal | 6 | |
| Potion of Healing | 1 | |
| Healing Salve | 1 | |
16 total
team 2 (loser)
EaZyK1LL (
green | 91 APM | 1809 actions | 19:54)
4 Death Knight
2 Death Coil
2 Unholy Aura
2 Pit Lord
1 Howl of Terror
1 Rain of Fire
» actions
| Assign group hotkey | 33 | |
| Basic commands | 2 | |
| Build / train | 80 | |
| Enter build submenu | 16 | |
| Enter hero's abilities submenu | 6 | |
| Give item / drop item | 1 | |
| Remove unit from queue | 3 | |
| Right click | 868 | |
| Select / deselect | 204 | |
| Select group hotkey | 526 | |
| Use ability | 70 | |
1809 total
» units
| Acolyte | 9 | |
| Ghoul | 5 | |
| Crypt Fiend | 15 | |
| Gargoyle | 5 | |
| Abomination | 6 | |
40 total
» upgrades
| Creature Carapace | 2 | |
| Web | 1 | |
| Unholy Armor | 1 | |
4 total
» buildings
| Graveyard | 1 | |
| Crypt | 2 | |
| Altar of Darkness | 1 | |
| Ziggurat | 8 | |
| Tomb of Relics | 1 | |
| Halls of the Dead | 4 | |
| Slaughterhouse | 2 | |
| Black Citadel | 3 | |
22 total
» build order
00:09 Graveyard
00:11 Crypt
00:41 Altar of Darkness
00:58 Ziggurat
01:24 Tomb of Relics
02:01 Ziggurat
03:35 Ziggurat
04:36 Halls of the Dead
04:36 Halls of the Dead
04:36 Halls of the Dead
05:29 Ziggurat
07:12 Slaughterhouse
07:17 Crypt
07:39 Black Citadel
07:39 Black Citadel
08:58 Ziggurat
08:59 Ziggurat
13:27 Slaughterhouse
16:18 Ziggurat
16:21 Ziggurat
» items
| Rod of Necromancy | 3 | |
| Scroll of Regeneration | 2 | |
| Orb of Fire | 1 | |
| Lesser Clarity Potion | 1 | |
7 total

»
matterickson (
red | 56 APM | 1124 actions | 19:58)
3 Dreadlord
2 Sleep
1 Vampiric Aura
» actions
| Assign group hotkey | 34 | |
| Basic commands | 5 | |
| Build / train | 43 | |
| Enter build submenu | 12 | |
| Enter hero's abilities submenu | 3 | |
| Give item / drop item | 1 | |
| Right click | 505 | |
| Select / deselect | 212 | |
| Select group hotkey | 271 | |
| Use ability | 38 | |
1124 total
» units
» upgrades
| Creature Attack | 3 | |
| Stone Form | 1 | |
| Creature Carapace | 2 | |
6 total
» buildings
| Altar of Darkness | 1 | |
| Ziggurat | 4 | |
| Crypt | 2 | |
| Tomb of Relics | 1 | |
| Nerubian Tower | 1 | |
| Halls of the Dead | 1 | |
| Graveyard | 1 | |
| Black Citadel | 1 | |
12 total
» build order
00:20 Altar of Darkness
00:29 Ziggurat
01:06 Crypt
01:43 Ziggurat
01:52 Tomb of Relics
03:06 Ziggurat
03:14 Crypt
03:20 Nerubian Tower
04:09 Halls of the Dead
04:14 Ziggurat
04:37 Graveyard
06:53 Black Citadel
» items
| Rod of Necromancy | 1 | |
| Boots of Speed | 1 | |
| Scroll of Healing | 1 | |
| Orb of Corruption | 1 | |
| Scroll of Town Portal | 1 | |
5 total

»
CHRONICTOKESUX (
teal | 56 APM | 1132 actions | 20:03)
4 Goblin Tinker
2 Pocket Factory
2 Engineering Upgrade
» actions
| Assign group hotkey | 14 | |
| Basic commands | 21 | |
| Build / train | 34 | |
| Enter build submenu | 13 | |
| Enter hero's abilities submenu | 4 | |
| Give item / drop item | 2 | |
| Remove unit from queue | 1 | |
| Right click | 459 | |
| Select / deselect | 166 | |
| Select group hotkey | 383 | |
| Use ability | 35 | |
1132 total
» units
| Acolyte | 7 | |
| Ghoul | 5 | |
| Obsidian Statue | 6 | |
| Goblin Sapper | 2 | |
20 total
» upgrades
| Unholy Strength | 0 | |
| Creature Attack | 2 | |
| Creature Carapace | 2 | |
| Destroyer Form | 1 | |
5 total
» buildings
| Crypt | 1 | |
| Ziggurat | 7 | |
| Altar of Darkness | 1 | |
| Halls of the Dead | 1 | |
| Tomb of Relics | 1 | |
| Nerubian Tower | 1 | |
| Graveyard | 1 | |
| Black Citadel | 1 | |
| Slaughterhouse | 2 | |
16 total
» build order
00:07 Crypt
00:09 Ziggurat
00:41 Ziggurat
01:05 Ziggurat
01:31 Altar of Darkness
02:52 Halls of the Dead
03:11 Tomb of Relics
03:35 Nerubian Tower
03:38 Graveyard
05:20 Black Citadel
05:22 Slaughterhouse
05:25 Slaughterhouse
07:12 Ziggurat
07:38 Ziggurat
11:23 Ziggurat
11:49 Ziggurat
4srougherupper (
orange | 94 APM | 1890 actions | 20:03)
4 Archmage
2 Summon Water Elemental
2 Brilliance Aura
» actions
| Assign group hotkey | 104 | |
| Basic commands | 35 | |
| Build / train | 128 | |
| ESC pressed | 11 | |
| Enter build submenu | 62 | |
| Enter hero's abilities submenu | 4 | |
| Give item / drop item | 4 | |
| Right click | 600 | |
| Select / deselect | 289 | |
| Select group hotkey | 507 | |
| Use ability | 146 | |
1890 total
» units
| Peasant | 17 | |
| Footman | 5 | |
| Goblin Shredder | 4 | |
| Gryphon Rider | 3 | |
| Dragonhawk Rider | 11 | |
40 total
» upgrades
| Swords | 3 | |
| Armor | 3 | |
| Animal War Training | 1 | |
| Storm Hammers | 1 | |
| Cloud | 1 | |
9 total
» buildings
| Altar of Kings | 1 | |
| Barracks | 1 | |
| Farm | 9 | |
| Arcane Vault | 2 | |
| Keep | 6 | |
| Blacksmith | 1 | |
| Castle | 6 | |
| Lumber Mill | 2 | |
| Town Hall | 1 | |
| Scout Tower | 44 | |
| Arcane Tower | 2 | |
| Guard Tower | 39 | |
| Gryphon Aviary | 7 | |
121 total
» build order
00:53 Altar of Kings
00:55 Barracks
00:57 Farm
01:04 Farm
01:06 Farm
02:05 Arcane Vault
02:33 Farm
03:34 Farm
04:09 Farm
04:37 Keep
04:38 Keep
04:39 Blacksmith
07:03 Castle
07:03 Castle
07:18 Lumber Mill
07:47 Town Hall
07:50 Scout Tower
07:50 Scout Tower
07:51 Scout Tower
07:53 Scout Tower
08:44 Lumber Mill
09:31 Arcane Tower
09:33 Guard Tower
09:33 Guard Tower
09:37 Scout Tower
09:37 Scout Tower
09:38 Scout Tower
09:43 Scout Tower
09:43 Scout Tower
09:45 Scout Tower
09:59 Scout Tower
10:15 Gryphon Aviary
10:16 Gryphon Aviary
10:18 Guard Tower
10:18 Guard Tower
10:18 Guard Tower
10:44 Scout Tower
10:50 Guard Tower
10:50 Guard Tower
10:53 Gryphon Aviary
11:02 Scout Tower
11:05 Scout Tower
11:13 Guard Tower
11:13 Guard Tower
11:34 Guard Tower
11:34 Guard Tower
11:38 Guard Tower
11:40 Scout Tower
11:40 Scout Tower
11:43 Scout Tower
11:44 Scout Tower
11:44 Scout Tower
11:45 Scout Tower
11:47 Scout Tower
11:52 Arcane Vault
12:46 Guard Tower
12:46 Guard Tower
13:08 Scout Tower
13:09 Scout Tower
13:11 Gryphon Aviary
13:12 Scout Tower
13:14 Scout Tower
13:23 Farm
13:24 Farm
13:27 Farm
14:03 Guard Tower
14:07 Guard Tower
14:07 Guard Tower
14:08 Guard Tower
14:34 Keep
14:34 Keep
14:38 Scout Tower
14:38 Scout Tower
14:39 Scout Tower
14:40 Scout Tower
14:41 Scout Tower
14:42 Scout Tower
15:08 Guard Tower
15:09 Guard Tower
15:16 Guard Tower
15:16 Guard Tower
15:16 Guard Tower
15:17 Guard Tower
15:20 Scout Tower
15:20 Guard Tower
15:23 Guard Tower
15:23 Guard Tower
15:23 Guard Tower
15:24 Guard Tower
15:53 Guard Tower
15:53 Guard Tower
15:54 Guard Tower
16:02 Gryphon Aviary
16:10 Gryphon Aviary
16:46 Gryphon Aviary
16:55 Scout Tower
16:56 Scout Tower
16:57 Scout Tower
16:58 Scout Tower
16:59 Scout Tower
17:00 Scout Tower
17:03 Scout Tower
17:04 Scout Tower
17:05 Scout Tower
17:07 Scout Tower
17:08 Scout Tower
17:11 Scout Tower
17:40 Guard Tower
17:41 Guard Tower
18:54 Castle
18:55 Castle
18:55 Castle
» items
| Scroll of Regeneration | 3 | |
| Mechanical Critter | 8 | |
| Periapt of Vitality | 1 | |
12 total
Chat log
(00:26 / Allies) matterickson: dl
(00:31 / All) CHRONICTOKESUX: trump or hilary
(00:36 / All) BIGfag: TRUMP
(00:37 / All) AlonzoGestapoJr: TRUMP
(00:44 / All) I_PLAY_NAKED: HILLARY!!!!
(00:47 / All) I_PLAY_NAKED: FOR JAIL!
(01:22 / All) I_PLAY_NAKED: what about u?
(01:25 / All) CHRONICTOKESUX: trump fo sho
(01:27 / All) CHRONICTOKESUX: he better win
(03:03 / All) CHRONICTOKESUX: turncoat #1
(03:44 / Allies) 4srougherupper: didn't need your help fag
(03:51 / Allies) matterickson: ik
(04:12 / All) CHRONICTOKESUX: i bought me some miltary boots
(04:24 / All) I_PLAY_NAKED: to stomp some mudholes?
(04:34 / Allies) 4srougherupper: Bad idea to leech me
(04:40 / Allies) CHRONICTOKESUX: i protect u
(04:44 / Allies) 4srougherupper: No
(05:35 / All) CHRONICTOKESUX: how have u been turncoat
(06:08 / All) 4srougherupper: man I love getting this spawn
(06:12 / All) 4srougherupper: by far the best on this map
(06:47 / All) I_PLAY_NAKED: TONGUE PUNCH MY FARTHOLE!!! :P(_*_)
(07:12 / All) AlonzoGestapoJr: The hillary
(07:16 / All) NOWHAMMYNOWHAMM: omfg
(07:18 / All) AlonzoGestapoJr: she will not level with the people
(10:12 / Allies) EaZyK1LL: come all
(12:18 / Allies) 4srougherupper: Don't hit there
(12:20 / Allies) 4srougherupper: that guy sucks
(12:38 / Allies) 4srougherupper: Too many towers fucking idiots
(12:49 / Allies) EaZyK1LL: b
(12:50 / Allies) EaZyK1LL: b
(13:03 / Allies) 4srougherupper: morons
(14:15 / Allies) matterickson: no acos on mine teal
(14:23 / Allies) 4srougherupper: Teal tk
(14:46 / Allies) 4srougherupper: Teal tk
(14:51 / Allies) EaZyK1LL: dude
(14:53 / Allies) EaZyK1LL: wtf man
(14:54 / Allies) CHRONICTOKESUX: orange is gonna tk
(14:55 / Allies) EaZyK1LL: stop
(14:56 / Allies) CHRONICTOKESUX: watch lol
(14:59 / Allies) 4srougherupper: wtf
(15:01 / Allies) matterickson: why?
(15:02 / Allies) 4srougherupper: I did nothing
(15:05 / Allies) 4srougherupper: you are tking teal
(15:05 / Allies) CHRONICTOKESUX: i knowhim
(15:14 / Allies) 4srougherupper: I don't know who the fuck you are
(15:20 / Allies) matterickson: stop teal
(15:24 / Allies) CHRONICTOKESUX: fine ill stop
(15:30 / Allies) EaZyK1LL: plz stoop
(15:41 / Allies) 4srougherupper: jesus fucking christ
(15:43 / Allies) 4srougherupper: tking trash
(15:46 / All) CHRONICTOKESUX: u guys are dumb i already know im gonna lose
(15:54 / Allies) EaZyK1LL: get expo man
(15:56 / Allies) EaZyK1LL: what u doing
(16:29 / All) CHRONICTOKESUX: rod i dont even know why ur pissed at me lol
(16:39 / All) CHRONICTOKESUX: u couldnt kill billys hero so u block me?
(17:05 / Allies) EaZyK1LL: get expo matt
(17:15 / Allies) matterickson: k
(17:17 / Allies) CHRONICTOKESUX: gold plz
(17:21 / Allies) 4srougherupper: don't gold him
(17:23 / Allies) 4srougherupper: he's a teamkiller
(17:26 / Allies) 4srougherupper: he killed all my aviaries
(17:27 / Allies) CHRONICTOKESUX: im not leting oj get towers
(17:32 / Allies) 4srougherupper: why
(17:41 / Allies) CHRONICTOKESUX: cancel them or they die
(18:15 / Allies) CHRONICTOKESUX: rod at least talk to me
(18:21 / Allies) CHRONICTOKESUX: why did u block me
(18:39 / Allies) CHRONICTOKESUX: rod i know its u 2
(18:45 / Allies) CHRONICTOKESUX: i played with u guys a thousand times
(19:41 / All) CHRONICTOKESUX: that wasnt me earlier, the god of 4s
(20:01 / All) CHRONICTOKESUX: gg